 Dungeon Crawl Stone Soup version 0.30-a0-575-g6f4a10e2d2 (webtiles) character file.

Game seed: 7154615417852926565

1194 Ijustatesigmund the Cleaver (level 8, 0/74 HPs)
             Began as a Hill Orc Fighter on Dec 30, 2022.
             Slain by a wyvern (12 damage)
             ... on level 5 of the Dungeon.
             The game lasted 00:07:01 (4587 turns).

Ijustatesigmund the Cleaver (Hill Orc Fighter)      Turns: 4587, Time: 00:07:01

Health: 0/74       AC: 14    Str: 21    XL:     8   Next: 43%
Magic:  8/8        EV:  9    Int:  8    God:
Gold:   307        SH: 11    Dex: 10    Spells: 7/7 levels left

rFire   . . .      SeeInvis .    a - +1 war axe
rCold   . . .      Faith    .    c - +2 kite shield
rNeg    . . .      Spirit   .    b - +0 plate armour
rPois   +          Reflect  .    (no helmet)
rElec   .          Harm     .    p - +0 cloak
rCorr   .          Rampage  .    o - +0 pair of gloves
Will    .....                    (no boots) Stlth
                                 (no amulet)
HPRegen 0.32/turn                u - +5 ring of evasion
MPRegen 0.11/turn                h - ring of poison resistance

@: no status effects
A: no striking features
a: no special abilities


You were on level 5 of the Dungeon.
You visited 1 branch of the dungeon, and saw 5 of its levels.
You also visited: Sewer and Ossuary.

You collected 307 gold pieces.

Inventory:

Hand Weapons
 a - a +1 war axe (weapon)
 v - a +0 morningstar
Missiles
 m - a throwing net (quivered)
Armour
 b - a +0 plate armour (worn)
 c - a +2 kite shield (worn)
 o - a +0 pair of gloves (worn)
 p - a +0 cloak (worn)
Jewellery
 e - a ring of positive energy
 h - a ring of poison resistance (right hand)
 u - a +5 ring of evasion (left hand)
Scrolls
 j - 2 scrolls of blinking
 k - 2 scrolls of immolation
Potions
 f - a potion of haste
 g - a potion of cancellation
 i - 7 potions of curing
 l - 2 potions of heal wounds
 n - 3 potions of flight
 q - a potion of might
 r - a potion of lignification
 s - a potion of brilliance {unknown}
 t - a potion of resistance {unknown}
 x - a potion of mutation {unknown}


   Skills:
 + Level 7.8 Fighting
 + Level 8.0 Axes
 + Level 5.2 Armour
 - Level 5.4 Shields


You had 7 spell levels left.
You didn't know any spells.
Your spell library was empty.

Dungeon Overview and Level Annotations

Branches:
Dungeon (5/15)              Sewer (visited)         Ossuary (visited)
 Temple: D:4-7

Altars:
Elyvilon
Ru


Message History

You slash the ice beast!
You kill the ice beast!
You closely miss the wyvern. You block the wyvern's attack.
The wyvern bites you but does no damage.
Your Axes skill increases to level 8!
You closely miss the wyvern.
The wyvern is lightly wounded.
You block the wyvern's attack. The wyvern bites you.
You closely miss the wyvern.
The wyvern is lightly wounded.
The wyvern bites you. The wyvern completely misses you.
You barely miss the wyvern.
The wyvern is lightly wounded.
You block the wyvern's attack. The wyvern barely misses you.
You slash the wyvern!
The wyvern is moderately wounded.
You block the wyvern's attack.
The wyvern bites you but does no damage.
You closely miss the wyvern.
The wyvern is moderately wounded.
You block the wyvern's attack. x2
You closely miss the wyvern.
The wyvern is moderately wounded.
The wyvern bites you.
You hit the wyvern.
The wyvern is moderately wounded.
The wyvern bites you but does no damage. x2
You barely miss the wyvern.
The wyvern is moderately wounded.
The wyvern closely misses you. The wyvern bites you!
You closely miss the wyvern.
The wyvern is moderately wounded.
The wyvern bites you!
* * * LOW HITPOINT WARNING * * *
You block the wyvern's attack.
You closely miss the wyvern.
The wyvern is moderately wounded.
The wyvern hisses menacingly.
The wyvern closely misses you. The wyvern bites you!
You die...

.....#.....#....
..#.............#..#####
##...............#.......
........................#
........##+#........)...#
..........).............#
........###!......##....#
...................+....#
###.l@.#.......##.....
#....#.......#####..
#+####....#.<.....# #.)
#........###.......# #..
#........#
#...##+#......#
#........# ....[ ......#
#........# ..... ........
#........# ........
.........# ........


You could see a wyvern.

Vanquished Creatures
  Sigmund (D:2)
  An ice beast (D:5)
  An orc warrior (D:5)
  2 kobold brigands
  A scorpion (D:4)
  3 water moccasin zombies (Ossuary)
  2 hounds
  2 jellies
  An orc priest (D:4)
  2 iguanas
  An orc wizard (D:5)
  2 mummies (Ossuary)
  7 adders
  2 river rats (Sewer)
  An ufetubus (D:4)
  4 adder zombies (Ossuary)
  4 worms
  3 dart slugs
  6 orcs
  9 bats
  9 endoplasms
  5 giant cockroaches
  6 goblins
  10 hobgoblins
  2 jackals (Sewer)
  4 quokkas
  8 ball pythons
  2 frilled lizards
  3 gnoll zombies (Ossuary)
  4 hobgoblin zombies (Ossuary)
  16 kobolds
  5 kobold zombies (Ossuary)
  5 orc zombies (Ossuary)
  12 rats
146 creatures vanquished.

Notes
Turn   | Place    | Note
-------+----------+-------------------------------------------
     0 | D:1      | Ijustatesigmund the Hill Orc Fighter began the quest for
                  | the Orb.
     0 | D:1      | Reached XP level 1. HP: 19/19 MP: 1/1
   163 | D:1      | Reached skill level 3 in Axes
   165 | D:1      | Reached XP level 2. HP: 17/27 MP: 2/2
   559 | D:1      | Reached XP level 3. HP: 34/34 MP: 3/3
   843 | D:2      | Reached skill level 4 in Axes
   880 | D:2      | Found a faded altar of an unknown god.
  1056 | D:2      | Noticed Sigmund
  1074 | D:2      | Killed Sigmund
  1075 | D:2      | Reached skill level 5 in Fighting
  1075 | D:2      | Reached skill level 5 in Axes
  1075 | D:2      | Reached XP level 4. HP: 21/42 MP: 4/4
  1075 | D:2      | Reached XP level 5. HP: 24/48 MP: 5/5
  1098 | D:2      | Identified the +2 leather armour "Kanaw" {Int+4}
  1732 | D:3      | Reached XP level 6. HP: 49/56 MP: 6/6
  2511 | D:4      | Found a glowing drain.
  2527 | Sewer    | Entered a sewer
  2631 | Sewer    | Reached skill level 5 in Shields
  2674 | Sewer    | Found a white marble altar of Elyvilon.
  2813 | D:4      | Reached skill level 6 in Axes
  3098 | D:4      | Reached XP level 7. HP: 56/64 MP: 7/7
  3275 | D:4      | Found a sacrificial altar of Ru.
  3646 | D:4      | Found a white marble altar of Elyvilon.
  4051 | D:5      | Entered Level 5 of the Dungeon
  4062 | D:5      | Found a sand-covered staircase.
  4088 | Ossuary  | Entered an ossuary
  4141 | Ossuary  | Reached skill level 7 in Axes
  4191 | Ossuary  | Reached XP level 8. HP: 52/73 MP: 8/8
  4497 | D:5      | Reached skill level 5 in Armour
  4567 | D:5      | Noticed a wyvern
  4578 | D:5      | Reached skill level 8 in Axes
  4587 | D:5      | Slain by a wyvern

Illustrated notes

Levels and vault maps discovered:
D:1:      nzn_arrival_crosshair, layout_basic
D:2:      layout_basic, dreamdust_ecumenical_altar_statues, uniq_sigmund
D:3:      layout_loops_ring, hangedman_decor_slide_cut, minmay_distorted
D:4:      cheibrodos_thug_alley, layout_loops_corners,
          nicolae_ru_sacrificial_ziggurat, amcnicky_altar_gilded,
          cheibrodos_sewer_entry_bend
D:5:      layout_basic, kennysheep_mini, nicolae_ossuary_entry_monument,
          st_stairs_7, grunt_ministairs_3

Skill      XL: |  1  2  3  4  5  6  7  8 |
---------------+-------------------------+-----
Axes           | 3 5 6 7 8 |  8.0
Fighting       | 4 5 6 7 |  7.8
Shields        | 4 5 |  5.4
Armour         | 4 5 |  5.2

Action                   |  1- 3 |  4- 6 |  7- 9 || total
-------------------------+-------+-------+-------++-------
Melee: War axe           |    97 |   175 |   155 ||   427
  Use: Potion            |     3 |       |       ||     3
       Scroll            |       |     6 |     7 ||    13
 Stab: Sleeping          |       |     1 |       ||     1
Armor: Scale mail        |    49 |     2 |       ||    51
       Leather armour    |       |    40 |    16 ||    56
       Plate armour      |       |       |    54 ||    54
Dodge: Dodged            |    35 |    47 |    45 ||   127
Block: Buckler           |    13 |       |       ||    13
       Kite shield       |    23 |   114 |    91 ||   228

Table legend: (Time is in decaauts)
 A = Elapsed time spent in this place.
 B = Non-inter-level travel time spent in this place.
 C = Inter-level travel time spent in this place.
 D = Time resting spent in this place.
 E = Time spent auto-exploring this place.
 F = Levels seen in this place.
 G = Mean time per level.
                   A        B        C        D        E       F      G
               +--------+--------+--------+--------+--------+-----+--------+
         Total |   4782 |   4497 |    285 |    210 |   3230 |   7 |  683.1 |
       Dungeon |   4285 |   4000 |    285 |    140 |   2986 |   5 |  857.0 |
         Sewer |    228 |    228 |      0 |      0 |    160 |   1 |  228.0 |
       Ossuary |    269 |    269 |      0 |     70 |     84 |   1 |  269.0 |
               +--------+--------+--------+--------+--------+-----+--------+

Top non-repeatable levels by time:
     D:4: 1426 daAuts
     D:2: 895 daAuts
     D:1: 837 daAuts
     D:3: 830 daAuts
     D:5: 295 daAuts
 Ossuary: 269 daAuts
   Sewer: 228 daAuts
